 Dungeon Crawl Stone Soup version 0.28.0-53-g5a82cb258f (webtiles) character file.

Game seed: 2741814905846134997

125 moldycheese5 the Skirmisher (level 4, -10/54 HPs)
             Began as a Demonspawn Abyssal Knight on June 17, 2022.
             Was a Believer of Lugonu.
             Killed by divine providence
             ... invoked by an orc priest
              (13 damage)
             ... on level 3 of the Dungeon.
             The game lasted 00:04:47 (3765 turns).

moldycheese5 the Skirmisher (DsAK)                  Turns: 3765, Time: 00:04:48

Health: -10/54     AC: 22    Str: 16    XL:     4   Next: 82%
Magic:  5/5        EV: -1    Int: 11    God:    Lugonu [**....]
Gold:   150        SH:  0    Dex: 13    Spells: 3/3 levels left

rFire   . . .      SeeInvis .   a - +1 falchion
rCold   . . .      Faith    .   (no shield)
rNeg    . . .      Spirit   .   (armour currently unavailable)
rPois   +          Reflect  .   (helmet currently unavailable)
rElec   .          Harm     .   (cloak currently unavailable)
rCorr   .          Rampage  .   (gloves currently unavailable)
Will    +....      NoTele   +   (boots currently unavailable)
Stlth   +.........              (no amulet)
HPRegen 0.18/turn               l - ring of willpower
MPRegen 0.09/turn               (no ring)

@: tree-form, constricted
A: stationary, stasis, torment immunity, boosted hp, demonic guardian 1,
(weakness stinger 2)
a: Renounce Religion, Depart the Abyss, Bend Space


You were on level 3 of the Dungeon.
You worshipped Lugonu.
Lugonu was pleased with you.
You were a tree.
You visited 1 branch of the dungeon, and saw 4 of its levels.
You visited the Abyss 1 time.

You collected 150 gold pieces.

Inventory:

Hand Weapons
 a - a +1 falchion (weapon)
Armour
 b - a +0 leather armour (melded)
 d - a +0 pair of boots (melded)
 n - a scarf of invisibility (melded)
Jewellery
 l - a ring of willpower (left branch)
Scrolls
 c - a scroll of magic mapping
 f - a scroll of amnesia {unknown}
 h - a scroll of teleportation
 i - a scroll of enchant armour {unknown}
 j - a scroll of blinking {unknown}
 o - a scroll of fear {unknown}
 p - a scroll of silence {unknown}
Potions
 e - a potion of degeneration {unknown}
 g - 2 potions of curing
 k - a potion of brilliance {unknown}
 m - a potion of lignification


   Skills:
 + Level 3.6 Fighting
 + Level 3.1 Long Blades
 + Level 2.7 Armour
 + Level 1.6 Dodging
 + Level 0.4 Stealth
 + Level 2.5 Invocations


You had 3 spell levels left.
You didn't know any spells.
Your spell library contained the following spells:

 Spells                   Type           Power      Damage    Failure   Level
 Call Canine Familiar     Summ           0%         N/A       71%         3
 Portal Projectile        Hex/Tloc       0%         N/A       71%         3
 Leda's Liquefaction      Hex/Erth       0%         N/A       98%         4


Dungeon Overview and Level Annotations

Branches:
Dungeon (4/15)
 Temple: D:4-7

Altars:
Ashenzari
Elyvilon
Nemelex Xobeh
Trog
Xom


Innate Abilities, Weirdness & Mutations

You are a tree.
Your roots penetrate the ground, keeping you stationary.
You cannot be teleported.
You are immune to unholy pain and torment.
Your maximum health is greatly increased.
Your equipment is partially melded.
A weak demonic guardian rushes to your aid.
((You have a tail ending in a sharp stinger.))


Message History

Your +0 leather armour melds into your body.
Your roots penetrate the ground.
The orc wizard hits you with a +0 dagger.
* * * LOW HITPOINT WARNING * * *
The ball python barely misses you. The ball python grabs you.
The ball python constricts you.
The orc priest hits you but does no damage.
You closely miss the orc priest.
The orc priest is heavily wounded.
The orc wizard hits you but does no damage.
The ball python bites you but does no damage.
The ball python constricts you.
* * * LOW HITPOINT WARNING * * *
The orc priest hits you but does no damage.
You closely miss the orc priest.
The orc priest is moderately wounded.
The ball python bites you.
* * * LOW HITPOINT WARNING * * *
The ball python constricts you.
The orc wizard hits you but does no damage.
The orc priest hits you but does no damage.
You hit the orc priest.
The orc priest is heavily wounded.
The ball python bites you but does no damage.
The ball python constricts you.
The orc wizard points at you and mumbles some strange words.
The magic dart hits you but does no damage.
The orc priest hits you but does no damage.
The ball python bites you but does no damage.
The ball python constricts you.
You closely miss the orc priest.
The orc priest is heavily wounded.
The orc wizard gestures at you while chanting.
You resist with almost no effort.
The ball python bites you but does no damage.
The ball python constricts you.
* * * LOW HITPOINT WARNING * * *
The orc priest invokes the aid of Beogh against you.
Beogh smites you!
You die...

# #.......##.##.#.###.##
#.## ##
#.#####.##.##.#.###.#####...
.#####.#
#.##.#.....##.........
..†....#
#.##.#....^....####..#
.#####.# #.##.#..#..##...#
#... ##
#.#####.##..........).###...
#
#.......####..#####........#
##########S.....###.#####...
#....o♣........# ##>#
#....o..#..###.### #.#
#.......#..#.....# #..
#..........#...<.# ###
#.(........#.....#
#.......####.....# #.......#
#.....# ####.#### #########
###.######.......#


You could see an orc priest, an orc wizard and a ball python.

Vanquished Creatures
  Robin (D:2)
  4 adders (D:3)
  4 dart slugs
  A worm (D:2)
  An orc (D:3)
  6 endoplasms
  6 giant cockroaches
  9 goblins
  4 hobgoblins
  2 jackals (D:2)
  7 kobolds
  2 quokkas
  A ball python (D:1)
  5 bats
  2 frilled lizards
  3 rats
58 creatures vanquished.

Vanquished Creatures (collateral kills)
  A worm (D:4)
  A goblin (D:2)
2 creatures vanquished.

Grand Total: 60 creatures vanquished

Notes
Turn   | Place    | Note
-------+----------+-------------------------------------------
     0 | Abyss:1  | moldycheese5 the Demonspawn Abyssal Knight began the quest
                  | for the Orb.
     0 | Abyss:1  | Reached XP level 1. HP: 18/18 MP: 2/2
     0 | D:1      | Escaped the Abyss
   231 | D:1      | Gained mutation: A weak demonic guardian rushes to your
                  | aid. [demonic ancestry]
   231 | D:1      | Reached XP level 2. HP: 12/24 MP: 3/3
   521 | D:1      | Reached * piety under Lugonu
   522 | D:1      | Reached skill level 1 in Dodging
   565 | D:1      | Found a faded altar of an unknown god.
  1183 | D:2      | Gained mutation: You have a small tail. [demonic ancestry]
  1183 | D:2      | Reached XP level 3. HP: 29/29 MP: 4/4
  1615 | D:2      | Noticed Robin
  1623 | D:2      | Reached ** piety under Lugonu
  1637 | D:2      | Killed Robin
  1892 | D:2      | Found a shimmering altar of Xom.
  2129 | D:2      | Gained mutation: You have a tail ending in a sharp stinger.
                  | [demonic ancestry]
  2129 | D:2      | Reached XP level 4. HP: 31/35 MP: 5/5
  3500 | D:3      | Found a bloodstained altar of Trog.
  3513 | D:3      | Found a sparkling altar of Nemelex Xobeh.
  3602 | D:3      | Found a broken altar of Ashenzari.
  3765 | D:3      | Killed from afar by an orc priest

Illustrated notes

Levels and vault maps discovered:
D:1:      amcnicky_arrival_underground_garden, layout_basic,
          chequers_ecumenical_altar_island, minmay_domino_4
D:2:      layout_loops_ring, serial_aquarium, aquarium_bridge_long_separate
          [aquarium_subvault_wall, aquarium_subvault_bridge,
          aquarium_subvault_bridge, aquarium_subvault_bridge,
          aquarium_subvault_window, aquarium_subvault_bridge],
          aquarium_window_corner, aquarium_window_fake, aquarium_window_fake,
          aquarium_window_fake, aquarium_view_2d, aquarium_view_2f, basic_altar,
          corexii_item_surrounded_by_moat, uniq_robin
D:3:      layout_loops_cross, nicolae_overflow_quartered_altars
D:4:      layout_rooms, serial_shops, nicolae_square_shop

Skill      XL: |  1  2  3  4 |
---------------+-------------+-----
Long Blades    | 2 3 |  3.1
Armour         | 2 |  2.7
Dodging        | 1 |  1.6
Fighting       | |  3.6
Stealth        | |  0.4
Invocations    | |  2.5

Action                   |  1- 3 |  4- 6 || total
-------------------------+-------+-------++-------
Melee: Falchion          |   115 |    62 ||   177
       Tailslap          |     8 |     7 ||    15
       Punch             |     1 |     1 ||     2
Invok: Depart the Abyss  |     1 |       ||     1
  Use: Scroll            |       |     3 ||     3
       Potion            |       |     1 ||     1
 Stab: Sleeping          |       |     2 ||     2
Armor: Leather armour    |    38 |    18 ||    56
       Skin              |       |    11 ||    11
Dodge: Dodged            |    87 |    40 ||   127
